 Dungeon Sprint DCSS version 0.27.1 (webtiles) character file.

Game seed: 2493900750897832184

2 styxcanada the Sneak (level 1, -3/11 HPs)
             Began as a Spriggan Brigand on Aug 27, 2021.
             Slain by a phantom (5 damage)
             ... in the Dungeon (Sprint III: "The Ten Rune Challenge").
             The game lasted 00:00:43 (59 turns).

styxcanada the Sneak (Spriggan Brigand)               Turns: 59, Time: 00:00:43

Health: -3/11      AC:  3    Str:  7    XL:     1   Next: 33%
Magic:  2/2        EV: 16    Int: 18    God:
Gold:   0          SH:  0    Dex: 16    Spells: 0/0 levels left

rFire    . . .     SeeInvis +   a - +2 dagger
rCold    . . .     Faith    .   (shield restricted)
rNeg     . . .     Spirit   .   b - +0 robe
rPois    .         Reflect  .   (helmet restricted)
rElec    .         Harm     .   c - +0 cloak
rCorr    .         Rampage  .   (gloves unavailable)
Will     .....     NoTele   +   (boots unavailable)
Stlth    ++++......             (no amulet)
HPRegen  0.03/turn              l - +6 ring of intelligence
MPRegen  0.08/turn              (no ring)

@: very quick
A: very small, no large weapons, unfitting armour, see invisible, speed 3
a: no special abilities


You were in the Dungeon.
You visited 1 branch

Inventory:

Hand Weapons
 a - a +2 dagger (weapon)
Missiles
 d - 8 poisoned darts (quivered)
 e - 2 curare-tipped darts
Armour
 b - a +0 robe (worn)
 c - a +0 cloak (worn)
Jewellery
 l - a +6 ring of intelligence (left hand)
Scrolls
 k - a scroll of blinking
Potions
 f - a potion of curing
 h - a potion of haste
 i - 2 potions of magic
 j - a potion of berserk rage


   Skills:
 * Level 1.7 Fighting
 + Level 2.2 Short Blades
 + Level 2.0 Throwing
 * Level 1.8 Dodging
 * Level 7.0 Stealth


You couldn't memorise any spells.
You didn't know any spells.
Your spell library was empty.

Dungeon Overview and Level Annotations

Branches:
Dungeon (1/1)

Altars:


Innate Abilities, Weirdness & Mutations

You are very small and have problems with some larger weapons.
You are too small for most types of armour.
You have supernaturally acute eyesight. (SInv)
You cover ground extremely quickly. (Speed+++)


Message History

You kill the rat!
You see here a rat corpse.
Found a bronze ring.
A rat comes into view.
The helpless rat fails to defend itself.
You impale the rat!!
You kill the rat!
l - a +6 ring of intelligence You feel clever.
l - a +6 ring of intelligence (left hand)
A rat comes into view.
The rat closely misses you.
You closely miss the rat. You hit the rat.
You kill the rat!
Your Stealth skill increases to level 7!
A human comes into view.
A phantom comes into view.
You hit the phantom but do no damage. You completely miss the phantom.
The phantom closely misses you.
You hit the phantom but do no damage. The phantom hits you.
You closely miss the phantom. The phantom misses you.
You hit the phantom.
The phantom is moderately damaged.
The phantom hits you.
Ouch! That really hurt!
* * * LOW HITPOINT WARNING * * *
You barely miss the phantom.
The phantom is moderately damaged.
The phantom completely misses you.
You feel much better. The phantom hits you.
You hit the phantom but do no damage.
The phantom is lightly damaged.
The phantom hits you.
Ouch! That really hurt!
* * * LOW HITPOINT WARNING * * *
You barely miss the phantom.
The phantom is lightly damaged.
The phantom hits you.
You die...

▓..##.......# ..#
▓##.##.##..†# ..#
##.##.###..# #..#
▓#.####.##..# .p.+
▓.###..##..## #...#
▓#.....##..###....#
###..##...##.....#
#†.##....#W.....#
#..###..##@#.....#
#(.# #..#####....#
▓▓▓▓ ▓▓▓▓ ▓▓▓▓▓


You could see a human (asleep) and a phantom.

Vanquished Creatures
  4 rats (D)
4 creatures vanquished.

Notes
Turn   | Place    | Note
-------+----------+-------------------------------------------
     0 | D        | styxcanada the Spriggan Brigand began the quest for the
                  | Orb.
     0 | D        | Reached XP level 1. HP: 10/10 MP: 2/2
    10 | D        | Reached skill level 6 in Stealth
    41 | D        | Reached skill level 7 in Stealth
    59 | D        | Slain by a phantom

Illustrated notes

Levels and vault maps discovered:
D:        dungeon_sprint_mu [sprint_mu_entry_cave, sprint_mu_temple_rooms,
          sprint_mu_d1_horrors, sprint_mu_d2_genie, sprint_mu_d3_branching,
          sprint_mu_orc_legion, sprint_mu_elf_gauntlet, sprint_mu_hive_nellie,
          sprint_mu_lair_fedhas, sprint_mu_vaults_butterflies,
          sprint_mu_slime_circle, sprint_mu_swamp_cave, sprint_mu_snake_twists,
          sprint_mu_blade_basic, sprint_mu_crypt_chambers,
          sprint_mu_tomb_spiral, sprint_mu_vestibule_basic,
          sprint_mu_gehenna_hellfire, sprint_mu_dis_giant,
          sprint_mu_tartarus_statrot, sprint_mu_cocytus_islands, sprint_mu_zot1]

Skill      XL: |  1 |
---------------+----+-----
Stealth        | 7 |  7.0
Fighting       | |  1.7
Short Blades   | |  2.2
Throwing       | |  2.0
Dodging        | |  1.8

Action                   || total
-------------------------++-------
Melee: Dagger            ||    13
  Use: Potion            ||     1
 Stab: Sleeping          ||     3
Dodge: Dodged            ||     4
